[Event "XLIX Sevilla Open 2024"]
[Site "?"]
[Date "2024.01.15"]
[Round "4.11"]
[White "Zylka, Stanislaw"]
[Black "Youssoupov, Moissei"]
[Result "1/2-1/2"]
[ECO "B06"]
[WhiteElo "2411"]
[BlackElo "2108"]
[Annotator "TA"]
[PlyCount "95"]
[EventDate "2024.01.12"]
[EventType "swiss"]
[SourceTitle "playchess.com"]
[Source "ChessBase"]
[SourceQuality "1"]
[TimeControl "5400+30"]

1. d4 g6 2. e4 d6 3. Nc3 Bg7 4. Bg5 c5 5. dxc5 Qa5 6. Qd2 Qxc5 7. Nd5 {[%emt 0:01:03] [#] Be3 would be deadly. B06: Modern Defence.} Be6 8. Be3 Qc8 9. Bd4 {[%emt 0:01:31] White is more active. White is slightly better.} Nf6 10. Nxf6+ exf6 11. O-O-O O-O {[%emt 0:00:48] [#]} 12. Bc3 $146 (12. Ne2 $11) ({Predecessor:} 12. Kb1 d5 13. exd5 Bxd5 14. Ne2 Nc6 15. Bc3 Rd8 16. Qc1 Qc7 17. Nd4 Ne5 18. f3 {0-1 Nestorovic,L (2310)-Dolnik,A (2183) Senta op-A 14th 2010 (3)}) 12... Nc6 13. f4 ({White should try} 13. Ne2 $15) 13... a5 ({Black should play} 13... Rd8 $17 {White must now prevent ...d5.} 14. f5 gxf5 15. exf5 Bxf5) 14. a3 ({Better is} 14. Kb1 $1 $11) 14... Rd8 $1 $15 15. Bb5 d5 16. Bxc6 bxc6 (16... Qxc6 $17 17. f5 gxf5 18. exf5 Bxf5) 17. f5 (17. exd5 $1 $15 Rxd5 18. Qe3) 17... gxf5 (17... dxe4 $17 18. Qxd8+ Qxd8 19. Rxd8+ Rxd8 20. fxe6 Bh6+ 21. Kb1 Rd1+ 22. Ka2 fxe6 23. Bxa5 (23. Bxf6 $2 {is the wrong capture.} e3 $19) 23... Be3) 18. exd5 $11 Rxd5 19. Qe2 Rxd1+ 20. Qxd1 Qc7 {[%emt 0:01:21] aiming for ...Qf4+.} 21. Ne2 {[%emt 0:02:00] Inhibits Qf4+.} a4 22. Qd3 Rd8 23. Qg3 Qxg3 24. hxg3 Bd5 25. Nf4 Be4 26. Rh4 Rd6 27. b3 axb3 28. cxb3 c5 29. Rh1 Bf8 30. Kb2 Be7 31. Re1 Bd8 32. a4 Be7 33. g4 {[%emt 0:01:44] And now gxf5 would win.} Kf8 $1 34. a5 Ra6 35. gxf5 Bxf5 36. Nd5 Bd8 37. Ra1 (37. Rf1 $5 Bd3 38. Re1 $15) 37... Be4 38. Ne3 {[%emt 0:00:12] [#]} f5 $1 39. Nc4 Bxg2 {[%emt 0:01:31] Hoping for ...f4. This pair of bishops is nice.} 40. Ne5 (40. Rd1 $17 Be7 41. Ne3) 40... Ke7 41. Rd1 $2 {[%emt 0:00:34] This move loses the game for White.} (41. Re1 $17 Be4 42. Nc4) 41... Bxa5 $19 42. Nd3 Bxc3+ 43. Kxc3 {[%emt 0:00:04] KRB-KRN} Rd6 {[%emt 0:00:37] Strongly threatening ...Be4.} 44. Rg1 Bc6 45. Rg7 $2 (45. Rg5) 45... h5 46. Rh7 Be4 47. Nxc5 Bf3 {[%emt 0:00:14] ...Kf8 is the strong threat.} 48. Nd3 {[%emt 0:01:24][%mdl 32768] Weighted Error Value: White=0.32/Black=0.14 (very precise) . An unexpected result.} 1/2-1/2

[Event "XLIX Sevilla Open 2024"]
[Site "?"]
[Date "2024.01.15"]
[Round "4.12"]
[White "Fiorito, Joaquin"]
[Black "Lopez Gonzalez, Alfonso"]
[Result "1-0"]
[ECO "D35"]
[WhiteElo "2401"]
[BlackElo "2244"]
[Annotator "ChessBase"]
[PlyCount "53"]
[EventDate "2024.01.12"]
[EventType "swiss"]
[SourceTitle "playchess.com"]
[Source "ChessBase"]
[SourceQuality "1"]
[TimeControl "5400+30"]

1. d4 Nf6 2. c4 e6 3. Nc3 d5 4. cxd5 Nxd5 5. e4 Nxc3 6. bxc3 c5 7. Rb1 cxd4 8. cxd4 Nc6 9. Bb5 Bd7 10. Nf3 Bb4+ 11. Bd2 Bxd2+ 12. Qxd2 Qa5 13. d5 Qxd2+ 14. Kxd2 Na5 15. Bxd7+ Kxd7 16. Ne5+ Ke7 17. d6+ Ke8 18. Rhc1 Rd8 19. Ke3 f6 20. Nc4 Nxc4+ 21. Rxc4 b6 22. Rc7 Rd7 23. Rbc1 Rf8 24. f4 e5 25. fxe5 fxe5 26. Rc8+ Rd8 27. R1c7 1-0

[Event "XLIX Sevilla Open 2024"]
[Site "?"]
[Date "2024.01.15"]
[Round "4.13"]
[White "Quintin Navarro, Alberto"]
[Black "Jaksland, Tim"]
[Result "1-0"]
[ECO "E04"]
[WhiteElo "2371"]
[BlackElo "2062"]
[Annotator "TA"]
[PlyCount "159"]
[EventDate "2024.01.12"]
[EventType "swiss"]
[SourceTitle "playchess.com"]
[Source "ChessBase"]
[SourceQuality "1"]
[TimeControl "5400+30"]

1. d4 Nf6 2. Nf3 e6 3. c4 d5 4. g3 dxc4 5. Bg2 a6 6. O-O Nc6 7. Be3 {[%emt 0:00:26] E04: Open Catalan: 5 Nf3.} Be7 8. Qc1 Nd5 9. Qxc4 {[%emt 0:00:56] The position is equal.} Nxe3 10. fxe3 O-O 11. Nbd2 {[%emt 0:04:24] [#]} Qd5 $146 ({Predecessor:} 11... Nb4 12. e4 b5 13. Qc3 Bb7 14. a3 Nc6 15. e3 Rc8 16. b4 Nb8 17. Ne5 Nd7 18. Nxd7 Qxd7 {½-½ Vidit,S (2726)-Gavrilescu,D (2470) Titled Tuesday intern op 08th June blitz 2021 (8)}) 12. Qc2 Qh5 13. Nc4 Bd6 14. Rad1 Bd7 15. a3 Rad8 16. Qe4 Bc8 17. b4 Qg6 ({Black should try} 17... f5 $11 18. Qc2 Ne7) 18. Qxg6 $14 hxg6 19. Ng5 Be7 20. Ne4 (20. h4 $5 ) 20... Na7 21. Rc1 Nb5 22. Nc5 b6 23. Nd3 Bg5 24. Nf4 Bf6 25. Rc2 Bd7 26. Nd3 Nd6 27. Nce5 $1 Bb5 28. Rxc7 Rc8 29. Rfc1 {[%emt 0:00:47] White has more active pieces.} Rxc7 30. Rxc7 Rc8 31. Rxc8+ Nxc8 32. Bc6 Nd6 33. a4 Bxd3 34. exd3 $16 {[%emt 0:01:41][%mdl 4096] Endgame KBN-KBN} a5 (34... Nf5 $142) 35. bxa5 bxa5 36. Nf3 Kf8 37. Kf2 Nc8 38. Nd2 Be7 39. e4 Nb6 40. Nb3 Bb4 41. Ke3 Ke7 42. e5 f6 43. Ke4 Nc8 (43... g5 $14 {might be stronger.}) 44. d5 exd5+ 45. Bxd5 Nb6 46. Bc6 Bc3 47. d4 Bb4 48. Bb5 Nc8 49. g4 Nb6 50. h4 Be1 51. h5 gxh5 52. gxh5 Bc3 53. Nc5 Bb4 54. Nd3 Bd2 55. Nf2 fxe5 56. dxe5 Ke6 57. Nd3 Kf7 58. Kf5 Nc8 59. Bc4+ Ke7 60. Bb3 Be3 61. Ke4 Bd2 62. Nc5 Nb6 63. Kf5 $1 Bc3 64. Nd3 Nd7 {[%emt 0:00:13] [#]} (64... Ke8 $16 {keeps fighting.} 65. Ke6 Bd2) 65. Bc4 $1 $18 Bd4 $2 {[%emt 0:00:45] [#]} (65... Kf8 66. Bb5 Nb6) 66. Bb5 $1 {[%emt 0:00:18] Black must now prevent Bxd7.} Nf8 67. Nf4 {[%emt 0:00:22] Inhibits Ne6.} Bb2 68. Bc4 Bc1 69. Nd5+ Kd8 70. Bb5 Ba3 71. Ne3 Ke7 72. Nd5+ Kd8 $1 73. Nb6 Ke7 $2 (73... Bb4 74. Be2 Be1) 74. Nc8+ Kd8 $2 (74... Kf7 75. e6+ Nxe6) 75. Na7 Kc7 76. Nc6 {[%emt 0:00:13][%cal Oe5e6] And now e6! would win.} Kb6 77. e6 {[%emt 0:00:21][%cal Be5e6,Be6e7][%mdl 32] White wants to mate with e7.} Nh7 78. e7 {[%emt 0:00:54] White mates.} Nf6 {[%emt 0:00:17] [#]} 79. h6 $1 Ne8 (79... Bxe7 80. hxg7) 80. h7 {[%emt 0:00:20] Weighted Error Value: White=0.10 (very precise) /Black=0.13 (very precise)} 1-0

[Event "XLIX Sevilla Open 2024"]
[Site "?"]
[Date "2024.01.15"]
[Round "4.14"]
[White "Luch, Michal"]
[Black "Ortega Valle, Jose Ramon"]
[Result "1-0"]
[ECO "B06"]
[WhiteElo "2339"]
[BlackElo "2029"]
[Annotator "TA"]
[PlyCount "75"]
[EventDate "2024.01.12"]
[EventType "swiss"]
[SourceTitle "playchess.com"]
[Source "ChessBase"]
[SourceQuality "1"]
[TimeControl "5400+30"]

1. d4 g6 2. e4 Nf6 3. e5 Nh5 4. Nf3 d6 5. Bc4 c6 {[%emt 0:00:47] [#]} 6. h3 $146 {[%emt 0:03:28] B06: Modern Defence.} ({Predecessor:} 6. Ng5 d5 7. Be2 Ng7 8. O-O h6 9. Nf3 Bg4 10. Nbd2 e6 11. h3 h5 12. Nb3 Bxf3 13. Bxf3 {1-0 Grischuk,A (2750)-Rapport,R (2698) chess.com blitz 1m+1spm 2017 (1.22)}) 6... b5 7. Bb3 a5 8. a4 {[%emt 0:01:27] White is better.} bxa4 ({Black should try} 8... b4) 9. Rxa4 Ba6 10. c4 dxe5 11. Nxe5 Bg7 12. O-O {[%emt 0:02:29] White has more active pieces.} O-O 13. Re1 $1 e6 14. Qd2 (14. Nc3 $16) 14... c5 $11 15. d5 (15. Rxa5 cxd4 16. Bd1 Bxe5 17. Raxe5 (17. Rexe5 Nc6 $11) 17... f6 $11) 15... Qd6 $2 (15... exd5 $14 16. cxd5 (16. Rxa5 $2 Bxe5 {[%mdl 64] Remove Defender} 17. Rxe5 Nc6 $17) (16. Qxd5 Qxd5 17. cxd5 Bb5 $14) 16... Qd6) 16. Nf3 $2 (16. Nxf7 $1 $18 Kxf7 17. dxe6+ (17. Rxe6 Qd7 $14) 17... Ke7 18. Qg5+ (18. Rxa5 Bd4 $11) (18. Qxa5 $2 Rxf2 19. Bg5+ Bf6 $17) 18... Ke8 19. Qd5 (19. Rxa5 Rf5 $11) 19... Qxd5 20. cxd5) 16... exd5 17. cxd5 (17. Qxd5 {simplifies} Qxd5 18. cxd5 c4 19. Bxc4 Nd7 20. Bxa6 Rxa6 21. Rc4) 17... Nd7 18. Rxa5 Rae8 $2 {[%emt 0:01:33] [#]} (18... Nhf6 $11) 19. Rxe8 $2 (19. Re6 $1 $18 Qb8 20. Rxe8 (20. Rexa6 Qxb3 21. Nc3 Bxc3 $18) 20... Rxe8 21. Ba4) 19... Rxe8 $14 20. Ba4 (20. Nc3 $14) 20... Re2 $11 21. Qd1 Ne5 {[%emt 0:13:29] ( -> ...Nxf3+)} 22. Nbd2 {[%emt 0:02:59][%cal Oa4c6] Strongly threatening Bc6!} (22. Ng5 $5 Qb6 23. Bb5 (23. Bd2 $2 Rxf2 24. Rxa6 Qxa6 $19) 23... Qxa5 24. Bxe2 $11) 22... Qb6 {[%emt 0:09:29] Against Bc6} (22... Nf4 {looks sharper.} 23. Nxe5 Bxe5 24. Nf3 Qb6) 23. Qxe2 {[%emt 0:00:06][%mdl 64] Double Attack} Qxa5 24. Qd1 Nf4 (24... Nd3 {seems wilder.} 25. Bc2 Nhf4 26. Nb3 Qb6) 25. Nxe5 Bxe5 26. Nf3 $132 {[%emt 0:03:46][%mdl 2048] White is not holding back} Ne2+ 27. Kh1 Bd6 28. Be3 ({White should play} 28. Bd2 $14 Qb6 29. Qb1) 28... Qb4 29. Qb3 Qe4 30. Qc2 (30. Nd2 $5 Qe5 31. Nf3 $11) 30... Qxd5 (30... Bd3 {simplifies} 31. Qd1 Nf4 32. Bxf4 Bxf4 33. Bc6 Be2) 31. Bb3 (31. Qd2 {simplifies} Qxd2 32. Nxd2 Be5 33. Ne4) 31... Qc6 32. Ng5 c4 $2 {[%emt 0:00:17] [#]} (32... Bb7 $1 $11 {and Black stays safe.} 33. Bxf7+ (33. f3 Qa6 $11) 33... Kg7) 33. Ba4 $1 $18 Qd5 (33... Qb7) 34. Qxe2 {[%emt 0:00:12] Black must now prevent Be8. White is clearly winning.} Qa5 (34... Bb7 $142 35. Nf3 Qe6) 35. Qd2 (35. Bc5 $142 Qxa4 36. Bxd6) 35... Qe5 (35... Qxd2 $142 36. Bxd2 Be7) 36. Nf3 Qe6 37. Bc6 {[%emt 0:00:27] Wards off Bb7} Bc7 38. Qd7 {[%emt 0:00:31] A cool game by Luch.   Weighted Error Value: White=0.57/Black=0.50} 1-0